 Dungeon Sprint DCSS version 0.29-a0-359-g541a27f54d (webtiles) character file.

Game seed: 17895990394843769665

8100000 Zeldest the Axe Maniac (level 27, -118/273 HPs)
             Began as a Ghoul Warper on Apr 27, 2022.
             Was the Champion of Makhleb.
             Annihilated by The Servant
             ... wielding a +9 glaive of flaming
              (144 damage)
             ... in the Dungeon (Sprint VIII: "Arena of Blood").
             The game lasted 00:03:10 (81 turns).

Zeldest the Axe Maniac (Ghoul Warper)                 Turns: 81, Time: 00:03:11

Health: -118/273   AC:  6    Str: 19    XL:     27
Magic:  31/47      EV: 30    Int:  8    God:    Makhleb [******]
Gold:   0          SH:  0    Dex: 18    Spells: 68/68 levels left

rFire   . . .      SeeInvis .   i - +∞ Axe of Woe
rCold   + . .      Faith    .   (shield currently unavailable)
rNeg    + + +      Spirit   .   b - +0 leather armour
rPois   ∞          Reflect  .   (no helmet)
rElec   .          Harm     .   (no cloak)
rCorr   .          Rampage  .   (no gloves)
Will    ++...      NoTele   +   (no boots)
Stlth   +++++++++.              (no amulet)
HPRegen 0.00/turn               (no ring)
MPRegen 0.30/turn               (no ring)

@: inhibited regen
A: claws 1, cold resistance 1, negative energy resistance 3, inhibited
regeneration, torment resistance 2, devour on kill
a: Renounce Religion, Minor Destruction, Lesser Servant of Makhleb, Major
Destruction, Greater Servant of Makhleb


You were in the Dungeon.
You worshipped Makhleb.
Makhleb was exalted by your worship.
You visited 1 branch

Inventory:

Hand Weapons
 a - a +0 hand axe
 i - the +∞ Axe of Woe (weapon)
   (You found it in the Dungeon)
Missiles
 d - 7 boomerangs of dispersal (quivered)
Armour
 b - a +0 leather armour (worn)
Jewellery
 j - a ring of protection from fire
Scrolls
 c - 2 scrolls of blinking
Potions
 e - a potion of curing
 f - a potion of heal wounds
 g - a potion of haste
 h - 2 potions of magic


   Skills:
 O Level 27 Fighting
 + Level 23.0(26.6) Short Blades
 + Level 22.9(26.6) Long Blades
 O Level 27 Axes
 + Level 23.0(27) Maces & Flails
 + Level 22.9(27) Polearms
 + Level 23.0(27) Staves
 + Level 22.9(27) Slings
 + Level 22.9 Bows
 + Level 22.9 Crossbows
 O Level 27 Throwing
 O Level 27 Armour
 O Level 27 Dodging
 O Level 27 Stealth
 + Level 22.9 Shields
 + Level 26.6 Unarmed Combat
 + Level 21.3 Spellcasting
 + Level 21.1 Conjurations
 + Level 21.2 Hexes
 + Level 22.9 Summonings
 + Level 24.6 Necromancy
 + Level 23.0 Translocations
 + Level 22.9 Transmutations
 + Level 21.3 Fire Magic
 + Level 26.7 Ice Magic
 + Level 21.1 Air Magic
 + Level 26.6 Earth Magic
 + Level 24.7 Poison Magic
 O Level 27 Invocations
 + Level 22.9 Evocations


You had 68 spell levels left.
You didn't know any spells.
Your spell library contained the following spells:

 Spells                   Type           Power      Damage    Failure   Level
 Blink                    Tloc           90%        N/A       0%          2
 Gell's Gravitas          Tloc           45%        N/A       0%          3
 Lesser Beckoning         Tloc           45%        N/A       0%          3
 Teleport Other           Tloc           45%        N/A       0%          3
 Manifold Assault         Tloc           45%        N/A       0%          5


Dungeon Overview and Level Annotations

Branches:
Dungeon (1/1)

Altars:
Makhleb

Annotations:
D The Servant


Innate Abilities, Weirdness & Mutations

You are immune to poison.
You have sharp fingernails.
Your flesh is cold resistant. (rC+)
You are immune to negative energy. (rN+++)
You do not regenerate when monsters are visible.
You are immune to unholy pain and torment.
You thrive by killing the living.


Message History

A meat beast comes into view.
You hear a shout! x2
The Servant completely misses you. The accursed casts a spell at you.
Something smites you!
The dread is engulfed in blazing flames.
You hear a shout! x5
Your Spellcasting skill increases to level 21!
Your Hexes skill increases to level 21!
Your Fire Magic skill increases to level 21!
You slice the dread!!
You hew the dread savagely.
You destroy the dread!
Makhleb accepts your kill.
You feel better.
You hear a shout! x5
The Servant hits you from afar with a +9 glaive of flaming!!!!
* * * LOW HITPOINT WARNING * * *
The Servant burns you!!!
* * * LOW HITPOINT WARNING * * *
The accursed points at you and mumbles some strange words.
Something smites you!
* * * LOW HITPOINT WARNING * * *
You hear a shout!
Your base Short Blades skill increases to level 23!
Your base Maces & Flails skill increases to level 23!
Your base Staves skill increases to level 23!
Your Conjurations skill increases to level 21!
Your Translocations skill increases to level 23!
Your Air Magic skill increases to level 21!
j - a ring of protection from fire You hear a shout! x6
The dread is engulfed in blazing flames.
You hear a shout!
The bag of meat is engulfed in blazing flames.
The bag of meat hits you with a +9 war axe.
* * * LOW HITPOINT WARNING * * *
You hear a shout! x3
The Servant hits you from afar with a +9 glaive of flaming!!!!!
Ouch! That really hurt!
You die...

.........
#........#........
#.........#.......
#............#..O.
#.........#......#
#...2#........M...
#@...##.....°.#)))
#§o§).#M...)#M).).
#@W§)).###))))))))
#§§§))##§)))#))...
#..M.#.)).W)..#...
#....#)M)))§......
#......W.........#
#..........§......
#.................
#.........#.......
#........#.#.#....


You could see 2 accurseds, a meat beast (fast), The Servant, a dread and a bag
of meat.

Vanquished Creatures
  A hell beast (D)
  A wraith (D)
  11 vampire knights (D)
  33 ogres (D)
  6 two-headed ogres (D)
  2 liches (D)
  59 orcs (D)
  5 skeletal warriors (D)
118 creatures vanquished.

Notes
Turn   | Place    | Note
-------+----------+-------------------------------------------
     0 | D        | Found the +∞ Axe of Woe
     0 | D        | Zeldest the Ghoul Warper began the quest for the Orb.
     0 | D        | Reached XP level 1. HP: 17/17 MP: 2/2
     0 | D        | Noticed a bag of meat
     2 | D        | Noticed a bag of meat
     3 | D        | Noticed a bag of meat
     4 | D        | Noticed a meat berserker
     5 | D        | Became a worshipper of Makhleb the Destroyer
     6 | D        | Killed a bag of meat
     7 | D        | Reached skill level 10 in Armour
     7 | D        | Reached skill level 10 in Dodging
     7 | D        | Reached XP level 2. HP: 41/41 MP: 3/3
     7 | D        | Reached XP level 3. HP: 48/48 MP: 4/4
     7 | D        | Reached XP level 4. HP: 56/56 MP: 5/5
     7 | D        | Reached XP level 5. HP: 62/62 MP: 6/6
     7 | D        | Reached XP level 6. HP: 70/70 MP: 7/7
     7 | D        | Reached XP level 7. HP: 77/77 MP: 8/8
     7 | D        | Reached XP level 8. HP: 83/83 MP: 9/9
     7 | D        | Reached XP level 9. HP: 90/90 MP: 10/10
     7 | D        | Reached XP level 10. HP: 97/97 MP: 11/11
     7 | D        | Reached XP level 11. HP: 104/104 MP: 12/12
     7 | D        | Noticed a bag of meat
     7 | D        | Noticed a bag of meat
     8 | D        | Killed a meat berserker
     8 | D        | Reached * piety under Makhleb
     9 | D        | Reached skill level 15 in Fighting
     9 | D        | Reached skill level 15 in Stealth
     9 | D        | Reached XP level 12. HP: 119/119 MP: 13/13
     9 | D        | Killed a bag of meat
     9 | D        | Noticed a meat berserker
     9 | D        | Noticed a bag of meat
    10 | D        | Reached XP level 13. HP: 128/128 MP: 14/14
    10 | D        | Noticed a bag of meat
    11 | D        | Noticed a meat berserker
    11 | D        | Killed a bag of meat
    11 | D        | Noticed a meat berserker
    12 | D        | Noticed a meat berserker
    12 | D        | Noticed a bag of meat
    13 | D        | Killed a bag of meat
    13 | D        | Reached ** piety under Makhleb
    13 | D        | Noticed a bag of meat
    13 | D        | Noticed a bag of meat
    13 | D        | Noticed a bag of meat
    14 | D        | Reached XP level 14. HP: 140/140 MP: 15/15
    14 | D        | Killed a bag of meat
    14 | D        | Noticed a meat berserker
    15 | D        | Reached skill level 15 in Armour
    15 | D        | Reached skill level 15 in Dodging
    15 | D        | Killed a meat berserker
    15 | D        | Killed a bag of meat
    15 | D        | Reached *** piety under Makhleb
    15 | D        | Killed a meat berserker
    15 | D        | Noticed a bag of meat
    16 | D        | Reached XP level 15. HP: 157/157 MP: 16/16
    16 | D        | Killed a meat berserker
    16 | D        | Noticed a meat berserker
    16 | D        | Noticed a meat berserker
    17 | D        | Reached XP level 16. HP: 167/167 MP: 17/17
    17 | D        | Noticed a meat berserker
    18 | D        | Noticed a meat berserker
    18 | D        | Killed a meat berserker
    18 | D        | Reached **** piety under Makhleb
    18 | D        | Killed a meat berserker
    18 | D        | Noticed a meat berserker
    19 | D        | Reached skill level 27 in Axes
    19 | D        | Noticed a meat berserker
    19 | D        | Noticed a meat berserker
    21 | D        | Reached XP level 17. HP: 182/182 MP: 18/18
    21 | D        | Reached ***** piety under Makhleb
    21 | D        | Killed a meat berserker
    22 | D        | Reached skill level 27 in Stealth
    22 | D        | Killed a meat berserker
    22 | D        | Killed a meat berserker
    23 | D        | Reached skill level 27 in Fighting
    23 | D        | Reached XP level 18. HP: 200/200 MP: 19/19
    24 | D        | Reached skill level 27 in Armour
    24 | D        | Reached skill level 27 in Dodging
    24 | D        | Killed a meat berserker
    24 | D        | Killed a meat berserker
    24 | D        | Reached ****** piety under Makhleb
    24 | D        | Noticed a meat berserker
    25 | D        | Reached XP level 19. HP: 207/207 MP: 19/30
    25 | D        | Noticed a large bag of meat
    25 | D        | Killed a meat berserker
    26 | D        | Killed a meat berserker
    26 | D        | Noticed a meat berserker
    27 | D        | Noticed a meat berserker
    27 | D        | Noticed a destroyer
    28 | D        | Noticed a destroyer
    28 | D        | Noticed a large bag of meat
    28 | D        | Noticed a meat berserker
    28 | D        | Noticed a meat berserker
    28 | D        | Noticed a meat berserker
    30 | D        | Reached XP level 20. HP: 216/216 MP: 20/36
    30 | D        | Killed a meat berserker
    30 | D        | Killed a meat berserker
    31 | D        | Reached skill level 27 in Throwing
    31 | D        | Reached skill level 27 in Invocations
    31 | D        | Reached skill level 1 in Conjurations
    31 | D        | Reached skill level 1 in Hexes
    31 | D        | Reached skill level 1 in Fire Magic
    32 | D        | Noticed a large bag of meat
    32 | D        | Noticed a destroyer
    33 | D        | Killed a meat berserker
    33 | D        | Noticed a destroyer
    34 | D        | Reached skill level 5 in Short Blades
    34 | D        | Reached skill level 5 in Long Blades
    34 | D        | Reached skill level 5 in Maces & Flails
    34 | D        | Reached skill level 5 in Polearms
    34 | D        | Reached skill level 5 in Staves
    34 | D        | Reached skill level 5 in Slings
    34 | D        | Reached skill level 5 in Bows
    34 | D        | Reached skill level 5 in Crossbows
    34 | D        | Reached skill level 5 in Shields
    34 | D        | Reached skill level 5 in Spellcasting
    34 | D        | Reached skill level 5 in Hexes
    34 | D        | Reached skill level 5 in Summonings
    34 | D        | Reached skill level 5 in Transmutations
    34 | D        | Reached skill level 5 in Fire Magic
    34 | D        | Reached skill level 5 in Air Magic
    34 | D        | Reached skill level 5 in Evocations
    34 | D        | Reached XP level 21. HP: 224/224 MP: 20/37
    34 | D        | Noticed a meat berserker
    34 | D        | Noticed a large bag of meat
    34 | D        | Noticed a destroyer
    35 | D        | Killed a meat berserker
    36 | D        | Reached skill level 5 in Conjurations
    36 | D        | Killed a meat berserker
    36 | D        | Killed a meat berserker
    36 | D        | Noticed a meat berserker
    36 | D        | Noticed a destroyer
    37 | D        | Noticed a large bag of meat
    37 | D        | Noticed a destroyer
    38 | D        | Killed a large bag of meat
    38 | D        | Killed a large bag of meat
    38 | D        | Noticed a destroyer
    39 | D        | Reached skill level 10 in Necromancy
    39 | D        | Reached skill level 10 in Poison Magic
    39 | D        | Reached XP level 22. HP: 161/233 MP: 21/38
    39 | D        | Killed a destroyer
    39 | D        | Noticed a destroyer
    40 | D        | Reached skill level 10 in Short Blades
    40 | D        | Reached skill level 10 in Long Blades
    40 | D        | Reached skill level 10 in Maces & Flails
    40 | D        | Reached skill level 10 in Staves
    40 | D        | Reached skill level 10 in Slings
    40 | D        | Reached skill level 10 in Bows
    40 | D        | Reached skill level 10 in Crossbows
    40 | D        | Reached skill level 10 in Translocations
    40 | D        | Reached skill level 10 in Transmutations
    40 | D        | Reached skill level 10 in Evocations
    41 | D        | Reached skill level 10 in Polearms
    41 | D        | Reached skill level 10 in Shields
    41 | D        | Reached skill level 10 in Summonings
    42 | D        | Reached skill level 10 in Spellcasting
    42 | D        | Reached skill level 10 in Conjurations
    42 | D        | Reached skill level 10 in Hexes
    42 | D        | Reached skill level 10 in Fire Magic
    42 | D        | Reached skill level 10 in Air Magic
    42 | D        | Reached XP level 23. HP: 223/240 MP: 22/39
    42 | D        | Killed a destroyer
    43 | D        | Killed a large bag of meat
    43 | D        | Killed a destroyer
    44 | D        | Reached skill level 15 in Unarmed Combat
    44 | D        | Reached skill level 15 in Ice Magic
    44 | D        | Reached skill level 15 in Earth Magic
    44 | D        | Reached XP level 24. HP: 197/249 MP: 22/39
    44 | D        | Killed a destroyer
    44 | D        | Killed a destroyer
    44 | D        | Noticed a destroyer
    45 | D        | Reached skill level 15 in Necromancy
    45 | D        | Reached skill level 15 in Poison Magic
    46 | D        | Killed a large bag of meat
    46 | D        | Killed a destroyer
    46 | D        | Killed a destroyer
    47 | D        | Reached skill level 15 in Short Blades
    47 | D        | Reached skill level 15 in Long Blades
    47 | D        | Reached skill level 15 in Maces & Flails
    47 | D        | Reached skill level 15 in Polearms
    47 | D        | Reached skill level 15 in Staves
    47 | D        | Reached skill level 15 in Slings
    47 | D        | Reached skill level 15 in Bows
    47 | D        | Reached skill level 15 in Crossbows
    47 | D        | Reached skill level 15 in Shields
    47 | D        | Reached skill level 15 in Summonings
    47 | D        | Reached skill level 15 in Translocations
    47 | D        | Reached skill level 15 in Transmutations
    47 | D        | Reached skill level 15 in Evocations
    47 | D        | Reached XP level 25. HP: 224/257 MP: 23/40
    47 | D        | Killed a destroyer
    49 | D        | Noticed a tyrant
    49 | D        | Killed a destroyer
    49 | D        | Killed a large bag of meat
    49 | D        | Noticed a large bag of meat
    49 | D        | Noticed an accursed
    50 | D        | Reached skill level 15 in Spellcasting
    50 | D        | Reached skill level 15 in Conjurations
    50 | D        | Reached skill level 15 in Hexes
    50 | D        | Reached skill level 15 in Fire Magic
    50 | D        | Reached skill level 15 in Air Magic
    50 | D        | Reached XP level 26. HP: 172/266 MP: 23/41
    50 | D        | Noticed a tyrant
    53 | D        | Killed a destroyer
    56 | D        | Noticed an accursed
    58 | D        | Reached XP level 27. HP: 261/273 MP: 25/43
    59 | D        | Killed a tyrant
    63 | D        | Noticed a meat beast
    64 | D        | Noticed a dread
    66 | D        | Noticed a dread
    66 | D        | Killed a tyrant
    66 | D        | Noticed a destroyer
    69 | D        | Killed a meat beast
    70 | D        | Noticed The Servant
    76 | D        | Killed a large bag of meat
    76 | D        | Killed a destroyer
    79 | D        | Noticed a meat beast
    80 | D        | Killed a dread
    81 | D        | Annihilated by The Servant

Illustrated notes

Levels and vault maps discovered:
D:        meatsprint

Skill      XL: |  1  2  3  4  5  6  7  8  9 10 11 12 13 14 15 16 17 18 19 20 21 22 23 24 25 26 27 |
---------------+----------------------------------------------------------------------------------+-----
Fighting       | 12 15 17 20 21 24 27 | 27.0
Axes           | 14 17 18 20 24 25 27 | 27.0
Armour         | 10 12 13 14 17 18 20 25 27 | 27.0
Dodging        | 10 12 13 14 17 18 20 25 27 | 27.0
Stealth        | 12 15 16 18 22 23 26 27 | 27.0
Throwing       | 14 23 27 | 27.0
Invocations    | 16 26 27 | 27.0
Short Blades   | 5 9 11 13 15 17 18 23 | 23.0
Long Blades    | 5 9 11 13 15 16 18 22 | 22.9
Maces & Flails | 5 9 11 13 15 16 18 23 | 23.0
Polearms       | 5 9 11 13 15 16 18 22 | 22.9
Staves         | 5 9 11 13 15 17 18 23 | 23.0
Slings         | 5 9 11 13 15 16 18 22 | 22.9
Bows           | 5 9 11 13 15 16 18 22 | 22.9
Crossbows      | 5 9 11 13 15 16 18 22 | 22.9
Shields        | 5 9 11 13 15 16 18 22 | 22.9
Unarmed Combat | 6 11 13 15 18 19 21 26 | 26.6
Spellcasting   | 5 8 10 12 14 15 17 21 | 21.3
Conjurations   | 4 8 10 12 14 15 17 21 | 21.1
Hexes          | 5 8 10 12 14 15 17 21 | 21.2
Summonings     | 5 9 11 13 15 16 18 22 | 22.9
Necromancy     | 6 10 12 14 16 18 20 24 | 24.6
Translocations | 6 9 11 13 15 17 18 23 | 23.0
Transmutations | 5 9 11 13 15 16 18 22 | 22.9
Fire Magic     | 5 8 10 12 14 15 17 21 | 21.3
Ice Magic      | 6 11 13 15 18 19 21 26 | 26.7
Air Magic      | 5 8 10 12 14 15 17 21 | 21.1
Earth Magic    | 6 11 13 15 18 19 21 26 | 26.6
Poison Magic   | 6 10 12 14 16 18 20 24 | 24.7
Evocations     | 5 9 11 13 15 16 18 22 | 22.9

Action                   |  1- 3 |  4- 6 |  7- 9 | 10-12 | 13-15 | 16-18 | 19-21 | 22-24 | 25-27 || total
-------------------------+-------+-------+-------+-------+-------+-------+-------+-------+-------++-------
Melee: Executioner's axe |     1 |       |       |     2 |     5 |     6 |    10 |     7 |    24 ||    55
Armor: Leather armour    |       |       |       |       |       |       |       |       |     1 ||     1
Dodge: Dodged            |       |       |       |       |       |       |       |       |     5 ||     5

Table legend: (Time is in decaauts)
 A = Elapsed time spent in this place.
 B = Non-inter-level travel time spent in this place.
 C = Inter-level travel time spent in this place.
 D = Time resting spent in this place.
 E = Time spent auto-exploring this place.
 F = Levels seen in this place.
 G = Mean time per level.
                   A        B        C        D        E       F      G
               +--------+--------+--------+--------+--------+-----+--------+
         Total |     66 |     66 |      0 |      0 |      0 |   1 |   66.0 |
       Dungeon |     66 |     66 |      0 |      0 |      0 |   1 |   66.0 |
               +--------+--------+--------+--------+--------+-----+--------+

Top non-repeatable levels by time:
       D: 66 daAuts
